 Dungeon Crawl Stone Soup version 0.30-a0-726-gd89dcf765f (webtiles) character file.

Game seed: 9811789658432177486

429 Crownlay the Digger (level 6, 0/36 HPs)
             Began as an Octopode Earth Elementalist on Jan 29, 2023.
             Slain by a hound (6 damage)
             ... on level 5 of the Dungeon.
             The game lasted 00:06:07 (3818 turns).

Crownlay the Digger (Octopode Earth Elementalist)   Turns: 3818, Time: 00:06:07

Health: 0/36       AC:  1    Str:  8    XL:     6   Next: 98%
Magic:  5/9        EV: 13    Int: 19    God:
Gold:   151        SH:  0    Dex: 12    Spells: 5/9 levels left

rFire   . . .      SeeInvis .    m - +0 dagger
rCold   . . .      Faith    .    (no shield)
rNeg    . . .      Spirit   .    (helmet restricted)
rPois   .          Reflect  .    (no amulet)
rElec   .          Harm     .    (no ring)
rCorr   .          Rampage  .    (no ring)
Will    .....                    (no ring)
Stlth   ++++                     (no ring)
HPRegen 0.26/turn                (no ring)
MPRegen 0.11/turn                (no ring)
                                 (no ring)
                                 (no ring)

@: no status effects
A: almost no armour, amphibious, 8 rings, camouflage 1, gelatinous body 1,
(nimble swimmer 1), tentacles
a: no special abilities


You were on level 5 of the Dungeon.
You visited 1 branch of the dungeon, and saw 5 of its levels.

You collected 199 gold pieces.
You spent 48 gold pieces at shops.

Inventory:

Hand Weapons
 m - a +0 dagger (weapon)
Wands
 v - a wand of quicksilver (7)
Scrolls
 c - a scroll of blinking {unknown}
 h - 2 scrolls of fear
 i - 2 scrolls of teleportation
 k - a scroll of amnesia {unknown}
 n - a scroll of fog {unknown}
 o - a scroll of torment {unknown}
 p - a scroll of brand weapon {unknown}
 q - 2 scrolls of immolation {unknown}
 r - 2 scrolls of enchant armour {unknown}
 t - a scroll of noise {unknown}
Potions
 a - 2 potions of magic
 b - 2 potions of heal wounds {unknown}
 d - 2 potions of might {unknown}
 e - a potion of brilliance {unknown}
 f - 2 potions of cancellation {unknown}
 g - a potion of flight {unknown}
 j - a potion of invisibility {unknown}
 l - a potion of degeneration {unknown}
 s - 2 potions of curing
 u - 2 potions of lignification {unknown}
 x - a potion of berserk rage {unknown}


   Skills:
 - Level 2.0 Dodging
 - Level 6.0 Stealth
 + Level 2.2 Spellcasting
 + Level 1.5 Transmutations
 * Level 6.3 Earth Magic


You had 5 spell levels left.
You knew the following spells:

 Your Spells              Type           Power      Damage    Failure   Level
a - Sandblast             Erth           52%        2d12      1%          1
b - Stone Arrow           Conj/Erth      28%        3d8       14%         3

Your spell library contained the following spells:

 Spells                   Type           Power      Damage    Failure   Level
 Passwall                 Tmut/Erth      14%        N/A       4%          2
 Ensorcelled Hibernation  Hex/Ice        4%         N/A       26%         2
 Lesser Beckoning         Tloc           4%         N/A       26%         2
 Petrify                  Tmut/Erth      17%        N/A       32%         4
 Gell's Gravitas          Tloc           2%         N/A       45%         3
 Swiftness                Air            2%         N/A       45%         3
 Teleport Other           Tloc           2%         N/A       45%         3
 Dispersal                Tloc           1%         N/A       100%        6


Dungeon Overview and Level Annotations

Branches:
Dungeon (5/15)
 Temple: D:4-7

Altars:
Makhleb

Shops:
D:2 *


Innate Abilities, Weirdness & Mutations

You cannot wear most types of armour.
You are amphibious.
You can wear up to eight rings at the same time.
Your skin changes colour to match your surroundings (Stealth+).
Your rubbery body absorbs attacks. (AC +1, EV +1)
((You are camouflaged when in or above water. (Stealth+)))
You have tentacles for arms and can constrict up to eight enemies at once.


Message History

The blast of sand hits the scorpion!!
You kill the scorpion!
Your extra speed is starting to run out.
You feel yourself slow down.
Partly explored, can't reach some places.
Partly explored, can't reach some places.
You see here a +0 club.
There is a stone staircase leading down here.
Okay, then.
You climb downwards.
There is a stone staircase leading up here.
There is a stone staircase leading up here.
Found a rapier.
An ogre comes into view. It is wielding a +0 giant club.
You can't see any susceptible monsters within range! (Use Z to cast anyway.)
You can't see any susceptible monsters within range! (Use Z to cast anyway.)
Found a scroll labelled XIUGESCHOITA.
The blast of sand hits the ogre!
The ogre is moderately wounded.
The ogre shouts!
A hound comes into view.
The blast of sand hits the ogre!
The ogre is severely wounded.
The hound barks!
The blast of sand hits the ogre!
The ogre is almost dead.
The hound bites you. x2
The ogre hits you with a +0 giant club!!
Ouch! That really hurt!
* * * LOW HITPOINT WARNING * * *
You are too injured to fight recklessly!
Casting: Sandblast (safe; 1% risk of failure)
Confirm with . or Enter, or press ? or * to list all spells.
Aiming: Sandblast (safe; 1% risk of failure)
Press: ? - help, Shift-Dir - straight line, f/p - ogre
Aim: an ogre, wielding a +0 giant club (almost dead, 92% to hit)
The blast of sand hits the ogre!
You kill the ogre!
The hound closely misses you. The hound bites you.
You die...

#.# #...#........
...# #..#..#......
....#
#.#..##.#####
.....###.......#
...........##..#
###...............
#.#....######....
#..#.............
#...#.#@###.#?. .
######h).......
#......#?..
.......)#
#####.#### ..# ###


You could see a hound.

Vanquished Creatures
  Grinder (D:3)
  An ogre (D:5)
  A scorpion (D:4)
  2 hounds
  2 adders
  A white imp (D:4)
  4 worms
  2 orcs
  12 ball pythons
  7 endoplasms
  5 giant cockroaches
  8 goblins
  5 hobgoblins
  7 jackals
  3 quokkas
  3 bats
  4 frilled lizards
  9 kobolds
  7 rats
84 creatures vanquished.

Vanquished Creatures (others)
  9 plants (D:2)
9 creatures vanquished.

Grand Total: 93 creatures vanquished

Notes
Turn   | Place    | Note
-------+----------+-------------------------------------------
     0 | D:1      | Crownlay the Octopode Earth Elementalist began the quest
                  | for the Orb.
     0 | D:1      | Reached XP level 1. HP: 11/11 MP: 3/3
   358 | D:1      | Reached XP level 2. HP: 14/17 MP: 3/5
  1033 | D:2      | Reached XP level 3. HP: 18/21 MP: 0/6
  1091 | D:2      | Found a faded altar of an unknown god.
  1205 | D:2      | Found Lisut's Assorted Antiques.
  1216 | D:2      | Bought a scroll labelled CICSUQ ETINY for 24 gold pieces
  1216 | D:2      | Bought a scroll labelled SIQOOKOCK ARIPT for 24 gold pieces
  1539 | D:2      | Reached skill level 5 in Stealth
  1551 | D:2      | Reached XP level 4. HP: 11/27 MP: 0/7
  1685 | D:2      | Learned a level 3 spell: Stone Arrow
  2476 | D:3      | Reached XP level 5. HP: 31/31 MP: 5/8
  2611 | D:3      | Noticed Grinder
  2681 | D:3      | Killed Grinder
  2682 | D:3      | Reached skill level 5 in Earth Magic
  2682 | D:3      | Reached XP level 6. HP: 15/36 MP: 1/9
  3181 | D:4      | Identified the +2 pair of boots of the Bequeathed God
                  | {rPois}
  3489 | D:4      | Found a burning altar of Makhleb.
  3798 | D:5      | Entered Level 5 of the Dungeon
  3818 | D:5      | Slain by a hound

Illustrated notes

Levels and vault maps discovered:
D:1:      dpeg_arrival_solitude, layout_loops_ring, minmay_misc_feat_x,
          st_stairs_9
D:2:      layout_loops_cross, hellmonk_ecumenical_altar_lost_god, serial_forest,
          infiniplex_forest_lined_room_2, infiniplex_forest_clump_curved,
          infiniplex_forest_clump_double, infiniplex_forest_clump_curved,
          infiniplex_forest_clump_small, infiniplex_forest_clump_long,
          infiniplex_forest_lined_2, infiniplex_forest_diagonal, serial_shops,
          nicolae_shop_advertising_works [nicolae_subvault_shop_adworks],
          kennysheep_big_empty_room, st_stairs_4
D:3:      cheibrodos_helix_gallery, layout_rooms, uniq_grinder
D:4:      layout_loops_ring, mainiacjoe_overflow_tiny_flanked,
          saegor_snake_ambush
D:5:      minmay_recursive_quarters, layout_basic,
          hangedman_decor_diamond_cutter, minmay_misc_feat_plants

Skill      XL: |  1  2  3  4  5  6 |
---------------+-------------------+-----
Stealth        | 3 4 5 6 |  6.0
Earth Magic    | 4 5 6 |  6.3
Dodging        | |  2.0
Spellcasting   | |  2.2
Transmutations | |  1.5

Action                     |  1- 3 |  4- 6 || total
---------------------------+-------+-------++-------
  Melee: Unarmed           |    15 |       ||    15
         Constrict         |     4 |     1 ||     5
         Tentacles         |     3 |       ||     3
         Dagger            |     2 |     3 ||     5
   Cast: Sandblast         |    51 |    83 ||   134
    Use: Scroll            |       |     2 ||     2
         Potion            |       |     2 ||     2
 Armour: Skin              |     5 |       ||     5
  Dodge: Dodged            |    25 |    17 ||    42

Table legend: (Time is in decaauts)
 A = Elapsed time spent in this place.
 B = Non-inter-level travel time spent in this place.
 C = Inter-level travel time spent in this place.
 D = Time resting spent in this place.
 E = Time spent auto-exploring this place.
 F = Levels seen in this place.
 G = Mean time per level.
                   A        B        C        D        E       F      G
               +--------+--------+--------+--------+--------+-----+--------+
         Total |   3863 |   3764 |     99 |      0 |   3172 |   5 |  772.6 |
       Dungeon |   3863 |   3764 |     99 |      0 |   3172 |   5 |  772.6 |
               +--------+--------+--------+--------+--------+-----+--------+

Top non-repeatable levels by time:
     D:2: 1139 daAuts
     D:1: 999 daAuts
     D:4: 914 daAuts
     D:3: 789 daAuts
     D:5: 21 daAuts
